Unix NetHack Version 3.7.0-83 Work-in-progress - last build Apr 28 2023 12:05:44 (2625824c38750939014cf799bb7ff71c9e9c2d48,branch:master). Game began 2023-05-02 16:36:59, ended 2023-05-02 17:38:26. spontiff, neutral male gnomish Healer ----------- -------------------- |.........| |..-....|..|..|..|.|#####-....<....| |..|....-..|..|..-.|# #|.........| | ----+---|----....----..----.|# #------.---- .....................%..........|# # ## | - ----+---.).....-|--..--|-.|# ## #### |{......|).|..|..|[|# ## # |.......|..|..|..|.|# # -|---- |.......----..----..### |....| |....{.............|######..>..| --.--------+------.|# |....| +.+.@((| -.|# #.....| |.|.@m(| |.|# |....| |.|.(((| |.|# ------ -.------ -.|# . .|# --- ---# Spontiff the Rhizotomist St:9 Dx:10 Co:14 In:12 Wi:13 Ch:17 Neutral S:431 Dlvl:6 $:1353 HP:0(32) Pw:3(5) AC:6 Xp:1/0 T:2317 Hungry Latest messages: The large cat bites the orc zombie. The orc zombie hits the large cat. The orc zombie misses the watch captain. The large cat bites the orc zombie. The orc zombie is destroyed! You see here an orc corpse. The door resists! The door opens. You are beginning to feel hungry. What do you want to eat? [py or ?*] ? Never mind. In what direction? h The door opens. The goblin throws an orcish dagger! You are hit by an orcish dagger. The large cat bites the goblin. The goblin is killed! You see here an iron skull cap. J - an iron skull cap. "Hello, spontiff! Welcome to Izchak's lighting store!" What do you want to use or apply? [akosSV or ?*] s In what direction? n You hear nothing special. Pick an object. Pick an object. In what direction? h The door resists! In what direction? h The door resists! In what direction? h The door closes. You see here a brass lantern (for sale, 9 zorkmids). Wait! That's a giant mimic! What do you want to use or apply? [akosSV or ?*] s In what direction? j You hear nothing special. You cannot escape from the giant mimic! The giant mimic hits! The giant mimic hits again! What do you want to zap? [SV or ?*] S In what direction? l The sleep ray misses the giant mimic. The sleep ray bounces! The sleep ray misses the giant mimic. The sleep ray hits you! The giant mimic hits! You die... Izchak gratefully inherits all your possessions. Do you want to see what you had when you died? [ynq] (y) y Do you want to see the dungeon overview? [ynq] (y) q Inventory: Coins $ - 1353 gold pieces Amulets A - an uncursed amulet of magical breathing Weapons M - 10 uncursed +0 crossbow bolts z - 8 uncursed +0 darts E - 8 cursed -1 darts W - a cursed -3 dart n - a blessed +1 dagger x - an uncursed +0 dagger Armor B - an uncursed +0 dented pot F - a cursed -2 helmet J - an uncursed +0 orcish helm h - an uncursed rusty +0 orcish helm (being worn) H - a cursed -1 orcish helm g - an uncursed +1 pair of leather gloves (being worn) C - an uncursed +0 pair of leather gloves v - an uncursed +0 pair of iron shoes (being worn) D - an uncursed +0 pair of low boots G - an uncursed +0 pair of low boots q - an uncursed +0 dwarvish cloak (being worn) Z - a cursed -1 dwarvish cloak Comestibles y - an uncursed apple p - an uncursed tripe ration Scrolls P - an uncursed scroll of create monster I - an uncursed scroll of identify t - an uncursed scroll of light T - an uncursed scroll of magic mapping Potions w - an uncursed potion of booze U - an uncursed potion of hallucination c - an uncursed potion of healing R - an uncursed potion of speed i - an uncursed potion of water Wands S - an uncursed wand of sleep (0:7) V - an uncursed wand of striking (0:8) Tools k - an uncursed skeleton key s - an uncursed stethoscope o - an uncursed tin whistle Gems/Stones X - an uncursed worthless piece of green glass m - an uncursed worthless piece of red glass d - 2 uncursed worthless pieces of violet glass l - an uncursed worthless piece of yellow glass a - 6 uncursed flint stones Spontiff the Healer's attributes: Background: You were a Rhizotomist, a level 1 male gnomish Healer. You were neutral, on a mission for Hermes who was opposed by Athena (lawful) and Poseidon (chaotic). You were in the Gnomish Mines, on level 6. You entered the dungeon 2317 turns ago. You had 0 experience points, 20 were needed to attain level 2. Your score was 431 before end-of-game adjustments. Basics: You had 0 out of 32 hit points. You had 3 out of 5 energy points (spell power). Your armor class was 6. Your wallet contained 1353 zorkmids. Autopickup was on, but temporarily disabled while inside the shop. Final Characteristics: Your strength was 9 (limit:18/50). Your dexterity was 10 (limit:18). Your constitution was 14 (limit:18). Your intelligence was 12 (limit:19). Your wisdom was 13 (limit:18). Your charisma was 17 (limit:18). Final Status: You were held by a giant mimic (east). You were hungry. You were unencumbered. You were empty handed. You were unskilled in bare handed combat. Final Attributes: You were devoutly aligned. You were poison resistant. You had infravision. You were warded. You are dead. Miscellaneous: You never encountered a bones level. Total elapsed playing time was 1 hour, 1 minute and 27 seconds. Major events: Turn 1: spontiff the neutral male gnomish Healer entered the dungeon 1567: entered the Gnomish Mines 2317: killed by a giant mimic, while sleeping Vanquished creatures: 2 watchmen a shrieker 2 dwarves an orc zombie a hobbit a hobgoblin a brown mold 6 gnomes a gecko 5 jackals 3 kobolds 2 goblins 2 sewer rats 11 grid bugs 2 lichens 3 kobold zombies 8 newts 52 creatures vanquished. No species were genocided or became extinct. Voluntary challenges: You never hit with a wielded weapon. You were a pacifist. You were illiterate. You never engraved Elbereth. You never genocided any monsters. You never polymorphed an object. You never changed form. You used no wishes. Achievements: You entered a shop. You entered the Gnomish Mines. The Dungeons of Doom: levels 1 to 3 Level 1: An altar, a fountain. Level 2: "vault, stashlet" A general store, a grave. Level 3: A sink. Stairs down to The Gnomish Mines. The Gnomish Mines: levels 4 to 7 Level 4: Level 5: Level 6: <- You were here. A lighting shop, some fountains. Final resting place for you, killed by a giant mimic, while sleeping. Level 7: Game over: ---------- / \ / REST \ / IN \ / PEACE \ / \ | spontiff | | 0 Au | | killed by a | | giant mimic | | | | | | 2023 | *| * * * | * _________)/\\_//(\/(/\)/\//\/|_)_______ Goodbye spontiff the Healer... You died in The Gnomish Mines on dungeon level 6 with 300 points, and 0 pieces of gold, after 2317 moves. You were level 1 with a maximum of 32 hit points when you died.